Map: Last Fantasy LE

Players

StarTed - Winner!

  • Race: Terran Terran
  • League: Platinum
  • Spawn Location: 7:00

krdsl

  • Race: Protoss Protoss
  • League: Master
  • Spawn Location: 12:00

VOD

Have the link to the VOD?

Description

Time

  • Played on: May 30, 2025, 11:13 a.m.
  • Length: 6:44
Show
View Real Time Build Order
Export as new Build Order

StarTed Terran - Winner!

Build Orders: 1/1/1 

Get SALT Encoding   

  12  0:00  SCV  
  13  0:13  Supply Depot  
  13  0:17  SCV  
  14  0:30  SCV  
  15  0:36  Barracks  
  15  0:42  SCV  
  16  0:45  Refinery  
  16  0:52  Refinery  
  16  0:55  SCV  
  17  1:08  SCV  
  18  1:20  SCV  
  18  1:23  Marine, Supply Depot  
  20  1:34  Factory  
  20  1:36  SCV  
  21  1:48  Marine  
  21  1:49  SCV  
  23  2:01  SCV  
  23  2:06  Marine  
  25  2:13  SCV  
  26  2:19  Starport, Factory Tech Lab  
  26  2:27  Marine  
  27  2:38  Orbital Command  
  27  2:57  Supply Depot  
  27  2:58  Starport Tech Lab  
  26  2:59  Siege Tank  
  29  3:07  Barracks Reactor  
  29  3:10  Engineering Bay  
  29  3:17  Raven  
  31  3:21  Supply Depot  
  31  3:32  Cyclone  
  34  3:46  Marine x2  
  36  3:49  Terran Infantry Weapons Level 1  
  36  3:58  Supply Depot  
  36  3:59  Medivac  
  38  4:03  Marine  
  38  4:04  Marine  
  40  4:21  Marine x2  
  42  4:26  Siege Tank  
  42  4:29  Supply Depot  
  45  4:42  Medivac  
  45  4:43  Marine x2  
  49  5:01  Marine x2  
  51  5:11  Siege Tank  
  51  5:13  Viking  
  56  5:19  Marine x2  
  58  5:37  Marine x2  
  60  5:43  Cyclone  
  63  5:55  Marine x2  
Show
View Real Time Build Order
Export as new Build Order

krdsl Protoss 

Build Orders: 1 Gate Expand 

Get SALT Encoding   

  12  0:00  Probe  
  13  0:12  Probe  
  14  0:18  Pylon  
  14  0:24  Probe  
  15  0:36  Probe  
  16  0:45  Probe  
  16  0:47  Gateway  
  17  0:51  Assimilator  
  17  0:53  Probe  
  17  1:03  Probe  
  19  1:15  Probe  
  20  1:34  Nexus  
  20  1:37  Probe  
  21  1:50  Cybernetics Core  
  21  1:58  Pylon  
  21  1:59  Probe  
  22  2:11  Probe, Assimilator  
  23  2:15  Stalker  
  23  2:22  Pylon  
  23  2:24  Warp Gate  
  25  2:45  Probe x2  
  25  2:48  Gateway  
  27  2:52  Stalker  
  27  2:53  Probe x2  
  31  3:15  Probe x2  
  33  3:20  Shield Battery  
  33  3:27  Zealot, Probe x2  
  37  3:39  Probe x2  
  39  3:42  Pylon  
  39  3:51  Probe x2  
  39  3:54  Zealot  
  42  4:03  Probe  
  42  4:04  Probe  
  42  4:05  Robotics Facility  
  44  4:10  Twilight Council  
  44  4:12  Gateway  
  44  4:14  Pylon  
  44  4:16  Probe  
  44  4:17  Probe  
  46  4:25  Stalker  
  48  4:35  Stalker  
  48  4:36  Probe x2, Charge  
  52  4:45  Pylon  
  52  4:48  Probe x2  
  54  4:53  Assimilator  
  54  4:56  Stalker  
  54  4:57  Assimilator  
  56  5:00  Probe x2  
  57  5:08  Observer  
  59  5:14  Probe x2  
  60  5:25  Observer  
  60  5:26  Probe x2  
  63  5:31  Nexus  
  63  5:38  Probe x2  
  63  5:41  Gateway  
  65  5:44  Gateway  
  65  5:45  Gateway  
  65  5:47  Gateway  
  65  5:50  Probe x2  
  65  5:51  Gateway  
  65  6:05  Zealot  
  65  6:06  Zealot x2  
  69  6:27  Zealot x3  
  73  6:39  Zealot  
  53  6:40  Zealot  
Tags
 
Add a new tag
Caveats
  • Supply blocks, unpowered buildings, or Contaminate may cause inaccurate times.
  • Supply counts are checked every 10 seconds.